 Dungeon Crawl Stone Soup version 0.28.0 (webtiles) character file.

Game seed: 4595975411768627143

111139 altcumming the Severer (level 16, -18/149 HPs)
             Began as a Minotaur Fighter on Feb 15, 2022.
             Was the Champion of Cheibriados.
             Demolished by an orc knight (29 damage)
             ... while paralysed by an orc sorcerer
             ... on level 2 of the Orcish Mines.
             The game lasted 00:14:15 (24679 turns).

altcumming the Severer (Minotaur Fighter)          Turns: 24679, Time: 00:14:15

Health: -18/149    AC: 21    Str: 40    XL:     16   Next: 8%
Magic:  21/21      EV:  2    Int: 20    God:    Cheibriados [******]
Gold:   2237       SH:  0    Dex: 29    Spells: 15/15 levels left

rFire   . . .      SeeInvis .   a - +5 broad axe (freeze)
rCold   . . .      Faith    .   (no shield)
rNeg    . . .      Spirit   .   B - +0 plate armour
rPois   .          Reflect  .   (helmet restricted)
rElec   .          Harm     .   v - +0 cloak
rCorr   .          Rampage  .   E - +1 pair of gloves
Will    ++...                   (no boots)
Stlth   ..........              A - amulet of regeneration
HPRegen 1.14/turn               m - ring of willpower
MPRegen 0.17/turn               j - +4 ring of slaying

@: paralysed, very slow
A: horns 2, retaliatory headbutt
a: Renounce Religion, Bend Time, Temporal Distortion, Slouch, Step From Time


You were on level 2 of the Orcish Mines.
You worshipped Cheibriados.
Cheibriados was exalted by your worship.
You visited 3 branches of the dungeon, and saw 23 of its levels.

You collected 2286 gold pieces.
You spent 49 gold pieces at shops.

Inventory:

Hand Weapons
 a - a +5 broad axe of freezing (weapon)
   (You took it off an orc warrior on level 8 of the Dungeon)
Armour
 f - +0 fire dragon scales
   (You found it on level 9 of the Dungeon)
 v - a +0 cloak (worn)
   (You found it on level 2 of the Dungeon)
 B - a +0 plate armour (worn)
   (You found it on level 6 of the Dungeon)
 E - a +1 pair of gloves (worn)
   (You found it on level 8 of the Dungeon)
Jewellery
 c - a ring of protection from cold
   (You found it on level 8 of the Dungeon)
 j - a +4 ring of slaying (right hand)
   (You found it on level 5 of the Lair of Beasts)
 m - a ring of willpower (left hand)
   (You found it on level 11 of the Dungeon)
 o - a ring of poison resistance
   (You found it on level 5 of the Dungeon)
 p - an amulet of reflection
   (You took it off a hobgoblin on level 2 of the Dungeon)
 y - an amulet of the acrobat
   (You found it on level 6 of the Dungeon)
 A - an amulet of regeneration (around neck)
   (You found it on level 1 of the Orcish Mines)
Wands
 g - a wand of digging (13)
   (You found it on level 2 of the Lair of Beasts)
 s - a wand of paralysis (3)
   (You found it on level 9 of the Dungeon)
 x - a wand of acid (18)
   (You found it on level 5 of the Dungeon)
 G - a wand of iceblast (19)
   (You found it on level 2 of the Lair of Beasts)
Scrolls
 b - a scroll of summoning
 i - a scroll of silence
 k - a scroll of enchant armour
 l - 2 scrolls of magic mapping
 r - a scroll of identify
 t - 6 scrolls of teleportation
 z - 11 scrolls of immolation
 H - a scroll of holy word
Potions
 d - 2 potions of might
 h - 2 potions of flight {unknown}
 n - 2 potions of resistance
 q - 6 potions of curing
 u - a potion of cancellation
 w - 6 potions of heal wounds
 F - 7 potions of lignification
 I - 2 potions of mutation
 K - 3 potions of ambrosia
Miscellaneous
 C - a tin of tremorstones (2/2)
   (You found it on level 1 of the Orcish Mines)


   Skills:
 + Level 15.5 Fighting
 - Level 18.1 Axes
 + Level 15.6 Armour
 + Level 14.0 Dodging
 + Level 9.1 Shields
 - Level 9.0 Invocations
 - Level 5.0 Evocations


You had 15 spell levels left.
You didn't know any spells.
Your spell library was empty.

Dungeon Overview and Level Annotations

Branches:
Dungeon (15/15)            Temple (0/1) D:7            Lair (6/6) D:9
  Swamp (0/4) Lair:3       Spider (0/4) Lair:4        Slime (0/5) Lair:6
    Orc (2/2) D:9             Elf (0/3) Orc:2        Vaults (0/5) D:13
 Depths: D:15

Altars:
Ashenzari
Cheibriados
Fedhas
Gozag
Hepliaklqana
Makhleb
Sif Muna
Trog
Vehumet
Xom
Yredelemnul
Beogh
Jiyva

Shops:
D:7 (   D:12 *   Orc:2 (=*[[

Annotations:
D:4 3 runed translucent doors, Galthrax's ghost, amateur MiMo; inmateoo's ghost, amateur DsVM
D:8 1 runed translucent door, ioannis32's ghost, novice DsBe
D:15 Rupert


Innate Abilities, Weirdness & Mutations

You have a pair of horns on your head.
You reflexively headbutt those who attack you in melee.


Message History

The orc sorcerer hits the fungus with a +0 dagger.
The fungus begins to die.
An orc high priest comes into view. It is wielding a +0 halberd.
Found Pycaleyc's Antique Weapon Shoppe.
The orc high priest shouts!
The orc warrior shouts!
The orc sorcerer casts a spell.
You slash the orc warrior! You freeze the orc warrior.
Your headbutt misses the orc warrior.
The orc warrior is severely wounded.
You slice the orc warrior!! You freeze the orc warrior.
You kill the orc warrior!
Cheibriados thoroughly appreciates the change of pace.
The orc warrior barely misses you. You furiously retaliate!
You headbutt the orc warrior!!
You kill the orc warrior!
Cheibriados appreciates the change of pace.
The orc sorcerer casts a spell at you.
The bolt of fire hits you but does no damage.
The orc knight roars a battlecry!
The orcs go into a battle-frenzy!
You barely miss the orc warlord. You headbutt the orc warlord!
The orc warlord is lightly wounded.
You barely miss the orc warrior. The sixfirhy completely misses you. x2
The orc warlord roars a battlecry!
The orc knight goes into a battle-frenzy!
You slash the orc warlord! You freeze the orc warlord.
The orc warlord is moderately wounded.
You slash the orc warrior! You freeze the orc warrior.
You barely miss the sixfirhy. The sixfirhy completely misses you.
The orc warrior completely misses you. x2
You hit the orc warrior. You freeze the orc warrior.
You headbutt the orc warrior.
You kill the orc warrior!
Cheibriados appreciates the change of pace.
You hit the sixfirhy. You freeze the sixfirhy.
You hit the orc warlord but do no damage.
A nearby fungus withers and dies.
The orc warlord hits you with a +2 dire flail of protection!!
The orc sorcerer mumbles some strange words.
The orc warrior misses you.
You slice the sixfirhy!! You freeze the sixfirhy!
You kill the sixfirhy!
The sixfirhy disappears in a puff of smoke!
You slash the orc sorcerer! You freeze the orc sorcerer.
You hit the orc warlord. You barely miss the orc sorcerer.
Your headbutt misses the orc sorcerer.
The orc sorcerer is heavily wounded.
You barely miss the orc sorcerer. You hit the orc warlord.
The orc warrior completely misses you. The orc warlord closely misses you.
You slice the orc sorcerer!! You freeze the orc sorcerer.
You kill the orc sorcerer!
Cheibriados thoroughly appreciates the change of pace.
You slash the orc sorcerer! You freeze the orc sorcerer.
You hit the orc warlord. You freeze the orc warlord.
The orc sorcerer closely misses you.
The orc high priest completely misses you.
The orc warrior barely misses you.
Your life force feels restored.
Your Dodging skill increases to level 14!
You hit the orc warlord but do no damage.
You headbutt the orc warlord.
The orc warlord is moderately wounded.
You hit the orc sorcerer but do no damage.
You hit the orc knight but do no damage.
You barely miss the ice devil.
The orc warlord hits you with a +2 dire flail of protection!
The orc knight misses you.
The orc sorcerer hits you with a +0 dagger.
The orc high priest mumbles some strange prayers to Beogh.
You hit the orc warlord. You freeze the orc warlord.
The orc warlord is moderately wounded.
You slash the ice devil! You slash the orc knight! You freeze the orc knight.
You hit the orc sorcerer but do no damage.
The ice devil closely misses you. You furiously retaliate!
You headbutt the ice devil! The orc warrior completely misses you.
The orc warlord hits you with a +2 dire flail of protection!
The orc knight misses you. You furiously retaliate!
You headbutt the orc knight. You slice the ice devil!!
You headbutt the ice devil, but do no damage.
The ice devil is almost dead.
You slash the orc warlord! You freeze the orc warlord.
You hit the orc sorcerer but do no damage.
You hit the orc knight. You freeze the orc knight.
The orc sorcerer points at you and mumbles some strange words.
You suddenly lose the ability to move!
The orc high priest calls upon Beogh to heal the orc knight.
The orc knight is healed somewhat.
The ice devil hits you but does no damage.
The orc warrior hits you but does no damage.
The orc warlord hits you with a +2 dire flail of protection.
The orc knight hits you with a +0 war axe!!
The orc sorcerer hits you with a +0 dagger.
The orc high priest hits you but does no damage.
The ice devil completely misses you.
The orc warrior hits you from afar with a +0 halberd!
The orc warlord hits you with a +2 dire flail of protection!!!
* * * LOW HITPOINT WARNING * * *
The orc knight hits you with a +0 war axe!!
You die...

...........#........#.##.........
.......##.##.....................
.......####........##....#.......
#......# ##......## ...........
.......# #.....## .##..#...
......## ##.....# #...$#. ......#
###.$.## ....... .....# ##....###
...... #....o@o# ..#.$.
##...4o).# .... #.#...o4o... ....
#.............. ...
##............. ..
#.......8.....P . ##....P.....P.P
###......∩..P. .. .....


You could see an orc warlord (strong), an orc knight (strong), an orc high
priest (strong), an ice devil (summoned), a rust devil (summoned), an orc
sorcerer (strong) and an orc warrior (strong).

Vanquished Creatures
  Agnes (D:15)
  An ironbound preserver (D:13)
  A stone giant (Orc:1)
  Nessos (D:13)
  A fire dragon (D:9)
  3 ettins (Orc:1)
  Fannar (Lair:1)
  12 hydras
  Harold (D:8)
  A catoblepas (D:13)
  3 boulder beetles
  4 centaur warriors
  11 two-headed ogres
  A tengu warrior (D:14)
  Urug (D:11)
  2 orc high priests (Orc:2)
  12 death yaks
  Sonja (Lair:1)
  A harpy (shapeshifter) (D:9)
  A lindwurm (Lair:3)
  4 manticores
  3 deep elf pyromancers
  2 orc knights
  4 orc sorcerers
  24 cyclopes
  2 ugly things (D:13)
  12 elephants
  A wolf spider (Lair:6)
  A guardian serpent (Lair:6)
  A torpor snail (Lair:3)
  15 black mambas
  30 cane toads
  A kobold demonologist (D:9)
  2 gargoyles (D:13)
  2 unseen horrors
  Maggie (D:6)
  12 komodo dragons
  A tengu conjurer (D:13)
  11 trolls
  5 polar bears
  25 blink frogs
  2 hornets (Lair:6)
  2 tyrant leeches (Lair:3)
  14 slime creatures
  4 dream sheep (Lair:6)
  2 culicivoras (Lair:4)
  2 wraiths
  34 yaks
  16 wyverns
  A human (shapeshifter) (D:13)
  3 redbacks (Lair:6)
  4 vampire mosquitoes
  A steam dragon (D:6)
  5 basilisks
  11 wargs
  Menkaure (D:6)
  3 swamp worms (Lair:3)
  An acid dragon (D:13)
  30 water moccasins
  3 black bears
  24 orc warriors
  An ice beast (D:8)
  4 sky beasts
  2 necrophages (D:5)
  10 ogres
  3 centaurs
  23 wolves
  A phantom (D:5)
  5 kobold brigands
  9 bullfrogs
  A wyvern zombie (D:5)
  3 scorpions
  A water moccasin skeleton (D:5)
  12 killer bees
  An electric eel (D:8)
  4 howler monkeys (D:9)
  3 centaur zombies
  A bullfrog zombie (D:6)
  3 orc priests
  5 jellies
  Crazy Yiuf (D:6)
  A bullfrog skeleton (D:5)
  A gnoll shaman (D:6)
  2 hounds
  6 orc wizards
  5 iguanas
  6 hell rats
  2 hound zombies (D:5)
  A hound skeleton (D:4)
  A howler monkey skeleton (D:5)
  9 adders
  5 gnolls
  3 ufetubi
  4 worms
  2 dart slugs
  31 orcs
  7 ball pythons
  6 endoplasms
  9 giant cockroaches
  12 goblins
  9 hobgoblins
  6 jackals (D:1)
  5 quokkas
  5 bats
  7 frilled lizards
  18 kobolds
  2 rats
640 creatures vanquished.

Vanquished Creatures (others)
  A two-headed ogre (D:13)
  A bush (Lair:6)
  45 fungi
  97 plants
  6 withered plants (D:4)
150 creatures vanquished.

Grand Total: 790 creatures vanquished

Notes
Turn   | Place    | Note
-------+----------+-------------------------------------------
     0 | D:1      | altcumming the Minotaur Fighter began the quest for the
                  | Orb.
     0 | D:1      | Reached XP level 1. HP: 19/19 MP: 0/0
    76 | D:1      | Reached XP level 2. HP: 24/27 MP: 1/1
   190 | D:1      | Found a faded altar of an unknown god.
   217 | D:1      | Reached skill level 3 in Axes
   231 | D:1      | Prayed at the altar of an unknown god.
   231 | D:1      | Became a worshipper of Cheibriados the Contemplative
   231 | D:1      | Reached * piety under Cheibriados
   432 | D:1      | Reached skill level 1 in Dodging
   454 | D:1      | Reached XP level 3. HP: 33/33 MP: 2/2
   526 | D:1      | Reached ** piety under Cheibriados
   849 | D:2      | Found the +1 Delatra's gloves {ID++}
   924 | D:2      | Reached XP level 4. HP: 36/40 MP: 3/3
  1203 | D:2      | Reached skill level 4 in Axes
  1369 | D:3      | Found a radiant altar of Vehumet.
  1445 | D:3      | Reached *** piety under Cheibriados
  1501 | D:3      | Reached XP level 5. HP: 45/47 MP: 4/4
  2309 | D:4      | Found a runed translucent gate.
  2309 | D:4      | Found a runed translucent gate.
  2309 | D:4      | Found a runed translucent gate.
  2309 | D:4      | Noticed inmateoo's ghost (amateur DsVM)
  2309 | D:4      | Noticed Galthrax's ghost (amateur MiMo)
  2340 | D:4      | Reached skill level 5 in Axes
  2486 | D:4      | Reached XP level 6. HP: 55/55 MP: 5/5
  2528 | D:4      | Reached **** piety under Cheibriados
  2678 | D:4      | Reached skill level 5 in Armour
  2953 | D:5      | Entered Level 5 of the Dungeon
  2968 | D:5      | Reached skill level 5 in Fighting
  3073 | D:5      | Found a burning altar of Makhleb.
  3365 | D:5      | Reached skill level 6 in Axes
  3365 | D:5      | Reached XP level 7. HP: 55/61 MP: 6/6
  3577 | D:5      | Found an opulent altar of Gozag.
  3687 | D:5      | Found a bloodstained altar of Trog.
  3880 | D:5      | Reached skill level 7 in Axes
  3996 | D:5      | Noticed a vampire mosquito
  4000 | D:5      | Killed a vampire mosquito
  4001 | D:5      | Reached XP level 8. HP: 46/70 MP: 7/7
  4281 | D:5      | Reached skill level 8 in Axes
  4494 | D:6      | Reached ***** piety under Cheibriados
  4546 | D:6      | Reached skill level 5 in Dodging
  4610 | D:6      | Noticed Maggie
  4618 | D:6      | Killed Maggie
  4807 | D:6      | Reached skill level 9 in Axes
  4887 | D:6      | Reached XP level 9. HP: 79/79 MP: 8/8
  4911 | D:6      | Found a runed translucent door.
  4912 | D:6      | Noticed Crazy Yiuf
  5015 | D:6      | Noticed Menkaure
  5018 | D:6      | Killed Menkaure
  5023 | D:6      | Found a broken altar of Ashenzari.
  5027 | D:6      | Saw a vision of the Swamp and the Spider Nest.
  5027 | D:6      | Noticed a wolf spider
  5027 | D:6      | Noticed a wolf spider
  5027 | D:6      | Noticed an alligator
  5027 | D:6      | Noticed a will-o-the-wisp
  5027 | D:6      | Noticed a goliath frog
  5361 | D:6      | Killed Crazy Yiuf
  5699 | D:7      | Found Ipyvoit's Weapon Shoppe.
  5770 | D:7      | Found a staircase to the Ecumenical Temple.
  5826 | D:7      | Reached skill level 10 in Axes
  5995 | D:7      | Found a hazy altar of Hepliaklqana.
  6063 | D:8      | Found a blossoming altar of Fedhas.
  6064 | D:8      | Noticed Harold
  6080 | D:8      | Killed Harold
  6501 | D:8      | Reached skill level 11 in Axes
  6546 | D:8      | Found a runed translucent door.
  6549 | D:8      | Noticed ioannis32's ghost (novice DsBe)
  7083 | D:8      | Reached XP level 10. HP: 66/90 MP: 9/9
  7764 | D:9      | Found a staircase to the Orcish Mines.
  7842 | D:9      | Reached ****** piety under Cheibriados
  8053 | D:9      | Noticed a harpy
  8061 | D:9      | Killed a harpy
  8261 | D:9      | Noticed a two-headed ogre
  8267 | D:9      | Killed a two-headed ogre
  8268 | D:9      | Reached skill level 12 in Axes
  8383 | D:9      | Noticed a fire dragon
  8391 | D:9      | Killed a fire dragon
  8511 | D:9      | Found a staircase to the Lair.
  8708 | D:9      | Noticed a manticore
  8716 | D:9      | Killed a manticore
  8976 | D:9      | Reached XP level 11. HP: 90/99 MP: 10/10
  9189 | D:9      | Found a basalt altar of Yredelemnul.
  9238 | D:10     | Entered Level 10 of the Dungeon
  9244 | D:10     | Reached skill level 13 in Axes
  9660 | D:10     | Reached skill level 10 in Armour
  9764 | D:10     | Found a shimmering altar of Xom.
  9930 | D:11     | Reached skill level 10 in Fighting
  9969 | D:11     | Noticed a two-headed ogre
  9974 | D:11     | Noticed a two-headed ogre
  9977 | D:11     | Killed a two-headed ogre
  9981 | D:11     | Killed a two-headed ogre
 10037 | D:11     | Noticed Urug
 10337 | D:11     | Killed Urug
 10338 | D:11     | Reached skill level 1 in Invocations
 10485 | D:11     | Reached skill level 14 in Axes
 11109 | Lair:1   | Entered Level 1 of the Lair of Beasts
 11465 | Lair:1   | Noticed Fannar
 11473 | Lair:1   | Killed Fannar
 11474 | Lair:1   | Reached XP level 12. HP: 92/108 MP: 13/13
 11689 | Lair:1   | Noticed Sonja
 11696 | Lair:1   | Killed Sonja
 12248 | Lair:2   | Reached skill level 15 in Axes
 12248 | Lair:2   | Reached skill level 5 in Invocations
 12250 | Lair:2   | Reached skill level 1 in Evocations
 12479 | Lair:2   | Noticed a six-headed hydra
 12487 | Lair:2   | Killed an 11-headed hydra
 13039 | Lair:3   | Reached skill level 10 in Dodging
 13284 | Lair:3   | Noticed an eight-headed hydra
 13289 | Lair:3   | Killed a 12-headed hydra
 13585 | Lair:3   | Reached XP level 13. HP: 117/117 MP: 17/17
 13962 | Lair:3   | Reached skill level 16 in Axes
 14166 | Lair:3   | Identified the +0 ring mail of the Tick {Int+2}
 14608 | Lair:3   | Found a burning altar of Makhleb.
 15605 | Lair:3   | Found a staircase to the Swamp.
 16298 | Lair:4   | Reached XP level 14. HP: 122/127 MP: 19/19
 16314 | Lair:4   | Found a hole to the Spider Nest.
 16353 | Lair:4   | Reached skill level 17 in Axes
 17418 | Lair:5   | Reached skill level 5 in Evocations
 17700 | Lair:6   | Entered Level 6 of the Lair of Beasts
 18345 | Lair:6   | Reached skill level 18 in Axes
 18577 | Lair:6   | Found a viscous altar of Jiyva.
 18577 | Lair:6   | Found a staircase to the Slime Pits.
 19448 | D:12     | Found Ockuc Kounte's General Store.
 19456 | D:12     | Bought a scroll of magic mapping for 49 gold pieces
 19525 | D:12     | Reached skill level 5 in Shields
 19582 | D:12     | You fall into a shaft and drop 2 floors!
 19598 | D:14     | Reached XP level 15. HP: 94/137 MP: 20/20
 19802 | D:13     | Found a gate to the Vaults.
 19843 | D:13     | Noticed Nessos
 19849 | D:13     | Killed Nessos
 20508 | D:13     | Found a shimmering blue altar of Sif Muna.
 22100 | D:15     | Entered Level 15 of the Dungeon
 22100 | D:15     | Noticed Agnes
 22107 | D:15     | Noticed Rupert
 22111 | D:15     | Killed Agnes
 22115 | D:15     | HP: 4/139 [Rupert (13)]
 22633 | Orc:1    | Entered Level 1 of the Orcish Mines
 22650 | Orc:1    | Reached skill level 15 in Armour
 22856 | Orc:1    | Reached skill level 15 in Fighting
 23900 | Orc:1    | Found the +8 storm bow {elec, penet}
 23900 | Orc:1    | Found the +8 Wrath of Trog {antimagic, *Rage Rampage}
 24060 | Orc:1    | Identified the +9 bardiche of the Ring {protect, rF++}
 24302 | Orc:2    | Entered Level 2 of the Orcish Mines
 24303 | Orc:2    | Found Taxeseqagh's General Store.
 24309 | Orc:2    | Reached XP level 16. HP: 149/149 MP: 21/21
 24403 | Orc:2    | Found Teesol's Antique Armour Boutique.
 24455 | Orc:2    | Found a staircase to the Elven Halls.
 24482 | Orc:2    | Found Ubewuh's Armour Boutique.
 24507 | Orc:2    | Found Ozoss's Jewellery Shoppe.
 24667 | Orc:2    | Found Pycaleyc's Antique Weapon Shoppe.
 24677 | Orc:2    | Paralysed by an orc sorcerer for 2 turns
 24679 | Orc:2    | Demolished by an orc knight

Illustrated notes

Levels and vault maps discovered:
D:1:      minmay_arrival_four_circles, layout_basic,
          shapermc_ecumenical_altar_venn
D:2:      cheibrodos_old_hovel, layout_basic
D:3:      layout_basic, mainiacjoe_overflow_tiny_flanked, grunt_ministairs_2,
          amcnicky_mini_rare_corridor_liquid
D:4:      layout_basic, portal_sewer_entry_f, gammafunk_ghost_cemetery
D:5:      minmay_razor_zed, layout_loops_ring, kennysheep_little_box,
          mainiacjoe_overflow_six_doors_small, kennysheep_mini
D:6:      layout_basic, grunt_ashenzari_visionary
          [grunt_ashenzari_visionary_swamp, grunt_ashenzari_visionary_spider],
          nrook_campfire, uniq_crazy_yiuf_cottage, uniq_maggie, uniq_menkaure
D:7:      layout_basic, lemuel_crystal_altar, temple_hall, serial_shops,
          shop_statue, grunt_decor_cap, dk_rats_in_the_wall
D:8:      layout_loops_ring, mainiacjoe_overflow_concentric_impassable,
          hellmonk_ghost_happy_afterlife, enter_bailey_7, minmay_misc_feat_x,
          minivault_4, chequers_serial_rivers_large_a, minmay_hedge_maze,
          uniq_harold
D:9:      layout_loops_corners, general_overflow_altar, minmay_lair_entry_lava,
          orc_0_dummy, lightli_fourway_metalbox
D:10:     layout_long_grid, dk_xom_monty_hall
D:11:     layout_rooms, uniq_urug
D:12:     layout_small_grid, serial_shops, nicolae_stop_n_shop_2
D:13:     minmay_opposing_rooms, layout_rooms, skrybe_vaults_entry_preservation,
          led_sif_pool, uniq_nessos
D:14:     layout_long_grid, hex_medium
D:15:     grunt_enter_depths_snipers, layout_cave_pools,
          portal_ice_cave_entry_horrid_things,
          nicolae_hepliaklqana_monster_ancestors, uniq_agnes, uniq_rupert
Lair:1:   layout_cave_pods, grunt_megastairs_5, lemuel_fruit_tree, uniq_fannar,
          uniq_sonja
Lair:2:   layout_roguey, grunt_megastairs_1
Lair:3:   nzn_winding_woodlands_huge [nzn_winding_woodlands_5x15_garden,
          nzn_winding_woodlands_5x15_pathside_ponds,
          nzn_winding_woodlands_5x15_zeroes, nzn_winding_woodlands_5x15_pockets,
          nzn_winding_woodlands_5x15_sawtooth,
          nzn_winding_woodlands_5x15_lazy_stream,
          nzn_winding_woodlands_5x15_river_crossing,
          nzn_winding_woodlands_5x15_jagged, nzn_winding_woodlands_5x15_eye,
          nzn_winding_woodlands_5x15_sidewinder,
          nzn_winding_woodlands_center_lodge,
          nzn_winding_woodlands_center_diamonds,
          nzn_winding_woodlands_15x15_killbox], layout_gridlike,
          palyth_hydra_swamp_entry, basic_altar
Lair:4:   layout_gridlike, hellmonk_spider_entry_life_and_decay,
          cheibrodos_lair_lostbears
Lair:5:   layout_big_grid
Lair:6:   hangedman_lair_tendril_chambers, layout_concentric_octagons,
          slime_altar_1
Orc:1:    giant_chief_lemuel, layout_caves, mines5_lemuel
Orc:2:    grunt_orc_gardens, layout_caves, grunt_orc_garden, grunt_orc_garden,
          grunt_orc_garden, grunt_orc_garden, serial_shops,
          nicolae_lakefront_shop, mines1_david

Skill      XL: |  1  2  3  4  5  6  7  8  9 10 11 12 13 14 15 16 |
---------------+-------------------------------------------------+-----
Axes           | 3 4 5 6 7 9 11 12 14 15 16 18 | 18.1
Dodging        | 1 2 3 4 5 6 8 9 10 11 12 13 14 | 14.0
Fighting       | 4 5 6 7 8 9 10 11 12 13 15 | 15.5
Armour         | 4 5 6 7 8 9 11 12 14 15 | 15.6
Invocations    | 3 6 8 9 |  9.0
Evocations     | 2 4 5 |  5.0
Shields        | 5 8 9 |  9.1

Action                   |  1- 3 |  4- 6 |  7- 9 | 10-12 | 13-15 | 16-18 || total
-------------------------+-------+-------+-------+-------+-------+-------++-------
Melee: War axe           |    67 |    93 |   109 |       |       |       ||   269
       Headbutt          |     5 |    18 |    33 |    66 |   162 |    10 ||   294
       Broad axe         |       |       |    22 |   268 |   603 |    40 ||   933
       Punch             |       |       |       |       |    10 |       ||    10
Invok: Slouch            |       |       |       |       |     9 |       ||     9
       Temporal Distorti |       |       |       |       |     2 |       ||     2
Evoke: Wand              |       |       |     4 |    10 |     1 |       ||    15
  Use: Scroll            |       |       |    18 |     4 |    16 |       ||    38
       Potion            |       |       |     1 |     1 |     1 |       ||     3
 Stab: Petrified         |       |       |       |       |     1 |       ||     1
Armor: Scale mail        |    33 |    53 |    23 |       |       |       ||   109
       Plate armour      |       |       |    28 |   128 |   226 |     9 ||   391
Dodge: Dodged            |    42 |    77 |   151 |   307 |   832 |    43 ||  1452
Block: Buckler           |     4 |       |       |       |       |       ||     4
